 Dungeon Crawl Stone Soup version 0.31-a0-627-gd65175cf8b (webtiles) character file.

Game seed: 2812932227844841118

11 BritishOli the Trooper (level 2, 24/24 HPs)
             Began as a Demonspawn Fighter on Aug 25, 2023.
             Got out of the dungeon alive.
             The game lasted 00:00:27 (239 turns).

BritishOli the Trooper (Demonspawn Fighter)          Turns: 239, Time: 00:00:28

Health: 24/24      AC:  6    Str: 16    XL:     2   Next: 13%
Magic:  2/2        EV:  8    Int:  9    God:
Gold:   75         SH:  4    Dex: 12    Spells: 1/1 levels left

rFire   . . .        a - +0 war axe
rCold   . . .        c - +0 buckler
rNeg    . . .        b - +0 scale mail
rPois   .            (no helmet)
rElec   .            (no cloak)
rCorr   .            (no gloves)
SInv    .            (no boots)
Will    .....        (no amulet) Stlth
                     (no ring)
HPRegen 0.24/turn    (no ring)
MPRegen 0.08/turn

%: no passive effects
@: no status effects
A: powered by pain 1
a: no special abilities


You escaped.
You visited 1 branch of the dungeon, and saw 1 of its levels.

You collected 75 gold pieces.

Inventory:

Hand Weapons
 a - a +0 war axe (weapon)
Armour
 b - a +0 scale mail (worn)
 c - a +0 buckler (worn)
Scrolls
 e - a scroll of poison {unknown}
Potions
 d - a potion of might
 f - a potion of curing {unknown}


   Skills:
 + Level 3.1 Fighting
 + Level 2.0 Axes
 + Level 2.8 Armour
 + Level 2.9 Shields


You had one spell level left.
You didn't know any spells.
Your spell library was empty.

Dungeon Overview and Level Annotations

Branches:
Dungeon (1/15)

Altars:


Innate Abilities, Weirdness & Mutations

You sometimes gain a little power by taking damage.


Message History

You barely miss the endoplasm. The bat barely misses you. The bat hits you.
You block the endoplasm's attack.
You closely miss the bat. You hit the endoplasm.
The bat hits you but does no damage. The endoplasm freezes you.
You are frozen.
The bat barely misses you.
The endoplasm hits you but does no damage.
You slash the endoplasm!
You kill the endoplasm!
You miss the bat. The bat hits you but does no damage.
The bat enters a dispersal trap!
You blink.
The bat blinks!
The bat closely misses you. The bat hits you but does no damage.
You closely miss the bat. The bat hits you but does no damage.
The bat closely misses you. The bat hits you but does no damage.
The bat hits you but does no damage. The bat hits you but does no damage.
You slash the bat!
You kill the bat!
No target in view!
No target in view!
No target in view!
No target in view!
No target in view!
No target in view!
No target in view!
No target in view!
No target in view!
No target in view!
No target in view!
No target in view!
No target in view!
No target in view!
No target in view!
No target in view!
No target in view!
Found 11 gold pieces.
You see here 4 stones.
There is a staircase leading out of the dungeon here.
You have escaped!

.....รท......#
#.#
............#
...
............#
..#
#####.......##.#
#.......#..#+#
#.........##.##
###'###.###...##
#.###.##.....###
#........(@....+
####..##.....###
#...##...##
#....##.##
##.#..#+# #....#
####..# #.#


There were no monsters in sight!

Vanquished Creatures
  2 bats (D:1)
  2 endoplasms (D:1)
  A hobgoblin (D:1)
  3 ball pythons (D:1)
  A frilled lizard (D:1)
  A goblin (D:1)
  A kobold (D:1)
11 creatures vanquished.

Notes
Turn   | Place    | Note
-------+----------+-------------------------------------------
     0 | D:1      | BritishOli the Demonspawn Fighter began the quest for the
                  | Orb.
     0 | D:1      | Reached XP level 1. HP: 18/18 MP: 1/1
   171 | D:1      | Gained mutation: You sometimes gain a little power by
                  | taking damage. [demonic ancestry]
   171 | D:1      | Reached XP level 2. HP: 23/24 MP: 2/2
   239 | D:$      | Got out of the dungeon alive.

Illustrated notes

Levels and vault maps discovered:
D:1:      dpeg_arrival_rhombi, layout_basic

Skill      XL: |  1 |
---------------+----+-----
Axes           | 2 |  2.0
Fighting       | |  3.1
Armour         | |  2.8
Shields        | |  2.9

Action                     || total
---------------------------++-------
  Melee: War axe           ||    27
 Armour: Scale mail        ||    25
  Dodge: Dodged            ||    11
  Block: Buckler           ||    11

Table legend: (Time is in decaauts)
 A = Elapsed time spent in this place.
 B = Non-inter-level travel time spent in this place.
 C = Inter-level travel time spent in this place.
 D = Time resting spent in this place.
 E = Time spent auto-exploring this place.
 F = Levels seen in this place.
 G = Mean time per level.
                   A        B        C        D        E       F      G
               +--------+--------+--------+--------+--------+-----+--------+
         Total |    251 |    222 |     29 |      0 |    142 |   1 |  251.0 |
       Dungeon |    251 |    222 |     29 |      0 |    142 |   1 |  251.0 |
               +--------+--------+--------+--------+--------+-----+--------+

Top non-repeatable levels by time:
     D:1: 251 daAuts
